AoeStats
← Jer

Oasis

508204019Analyzed
2v2 RM · 10d ago on Sep 21, 2026· 82m 32s· 4 players
Game mode
Random Map
Map size
Medium (4 player)
Population
200
Speed
Normal
Resources
Standard
Victory
Conquest
Starting age
Dark Age
Ending age
Imperial Age
RankedLock teamsTeams togetherTeam positionsShared explorationLock speedFull tech treeHidden civsTurbo modeCheats
Victory
Defeat
🇪🇸 Persians · Spain
994
+17
🇹🇷 Spanish · Türkiye
971
+17
🇷🇺 Inca · Russia
1015
-17
🇷🇺 Italians · Russia
1006
-17
MON
0:25 Loom
10:23 Feudal Age
11:37 Horse Collar
16:35 Double-Bit Axe
19:05 Castle Age
20:31 Gold Mining
20:37 Stone Mining
26:27 Stone Shaft Mining
29:30 Bow Saw
29:23 Heavy Plow
31:20 Kamandaran
36:11 Imperial Age
34:30 Fletching
34:40 Padded Archer Armor
34:53 Forging
34:59 Bloodlines
34:49 Husbandry
34:14 Crossbowman
35:48 Bodkin Arrow
37:09 Thumb Ring
38:09 Iron Casting
37:37 Padded Archer Armor
37:43 Scale Barding Armor
38:41 Chemistry
38:02 Ballistics
38:13 Cavalier
38:52 Murder Holes
39:10 Elite War Elephant
40:13 Conscription
40:38 Savar
43:26 Two-Man Saw
42:58 Crop Rotation
43:06 Wheelbarrow
42:16 Town Watch
43:30 Masonry
44:23 Blast Furnace
43:44 Chain Barding Armor
45:26 Citadels
47:32 Plate Barding Armor
61:03 Leather Archer Armor
irfan_serce_14716
0:27 Loom
14:04 Feudal Age
20:28 Castle Age
18:50 Stone Mining
18:50 Double-Bit Axe
18:47 Horse Collar
19:34 Stone Mining
19:44 Gold Mining
24:28 Caravan
32:10 Imperial Age
30:25 Bow Saw
33:07 Forging
33:03 Scale Barding Armor
32:59 Scale Mail Armor
33:00 Padded Archer Armor
32:50 Fletching
34:22 Two-Man Saw
34:22 Wheelbarrow
34:37 Heavy Plow
35:02 Chain Barding Armor
35:19 Iron Casting
34:51 Elite Conquistador
36:07 Hoardings
35:25 Elite Skirmisher
36:19 Pikeman
36:59 Squires
37:22 Hand Cart
38:36 Chemistry
37:37 Halberdier
38:57 Plate Barding Armor
41:41 Blast Furnace
40:57 Chain Mail Armor
40:57 Leather Archer Armor
40:38 Bodkin Arrow
41:43 Cavalier
42:24 Husbandry
43:32 Paladin
45:57 Onager
59:16 Plate Mail Armor
59:17 Ring Archer Armor
58:48 Bracer
Nihad 愛
0:57 Loom
4:35 Loom
11:14 Feudal Age
12:18 Double-Bit Axe
15:39 Horse Collar
18:55 Castle Age
18:09 Stone Mining
19:46 Town Watch
22:17 Padded Archer Armor
22:07 Fletching
26:07 Bow Saw
27:40 Heavy Plow
27:32 Gold Mining
28:19 Stone Shaft Mining
29:51 Ballistics
29:39 Thumb Ring
29:32 Bodkin Arrow
30:01 Herbal Medicine
31:07 Wheelbarrow
30:57 Leather Archer Armor
36:06 Imperial Age
35:10 Hand Cart
36:16 Town Patrol
37:47 Chemistry
36:50 Bracer
36:13 Elite Genoese Crossbowman
37:17 Conscription
37:29 Ring Archer Armor
39:16 Crop Rotation
39:48 Two-Man Saw
40:15 Masonry
40:17 Fortified Wall
43:14 Architecture
65:34 Light Cavalry
66:24 Bloodlines
66:14 Husbandry
67:08 Hussar
69:19 Silk Road
70:27 Caravan
70:58 Scale Barding Armor
71:03 Forging
72:34 Chain Barding Armor
73:19 Iron Casting
Jer
12:13 Feudal Age
14:24 Horse Collar
15:06 Loom
19:36 Castle Age
18:24 Scale Mail Armor
18:30 Arson
18:07 Champi Runner
19:09 Double-Bit Axe
20:22 Arson
20:28 Champi Warrior
22:58 Forging
25:04 Iron Casting
25:17 Gold Mining
28:23 Heavy Plow
28:35 Bow Saw
29:16 Wheelbarrow
29:08 Stone Mining
33:42 Gold Shaft Mining
33:49 Hand Cart
37:16 Imperial Age
35:04 Chain Mail Armor
36:41 Squires
37:18 Elite Kamayuk
38:18 Conscription
38:34 Crop Rotation
39:08 Blast Furnace
38:40 Plate Mail Armor
38:47 Town Watch
39:17 Elite Champi Warrior
43:51 Stone Shaft Mining
44:12 Fabric Shields
43:39 Pikeman
47:40 Siege Engineers
48:36 Chemistry
Connection lost

Rejoining the realm…

Still unreachable

The connection could not be restored.

Session expired

The server has moved on; the page needs a fresh start.